 Dungeon Crawl Stone Soup version 0.24.0-29-g8ce449bc06 (webtiles) character file.

Game seed: 3295061388285888517, levelgen mode: deterministic

134 FessEmpty the Changer (level 4, 0/35 HPs)
             Began as a Centaur Transmuter on Nov 15, 2019.
             Slain by a hobgoblin
             ... wielding a +0 club
              (4 damage)
             ... on level 3 of the Dungeon.
             The game lasted 00:13:20 (2585 turns).

FessEmpty the Changer (Centaur Transmuter)          Turns: 2585, Time: 00:13:20

Health: 0/35       AC:  2    Str: 13    XL:     4   Next: 95%
Magic:  4/6        EV: 20    Int: 12    God:
Gold:   178        SH:  0    Dex: 15    Spells: 0/6 levels left

rFire    + . .     SeeInvis .     - Unarmed
rCold    . . .     Gourm    .   (shield currently unavailable)
rNeg     . . .     Faith    .   (armour currently unavailable)
rPois    x         Spirit   .   (helmet currently unavailable)
rElec    .         Reflect  .   (cloak currently unavailable)
rCorr    .         Harm     .   (gloves currently unavailable)
MR       .....                  (no barding)
Stlth    +.........             (no amulet)
HPRegen  0.11/turn              i - ring of protection from fire
MPRegen  0.10/turn              m - +2 ring of evasion

@: spider-form (expiring)
A: tiny
a: End Transformation


You were on level 3 of the Dungeon.
You were not hungry.
You were a venomous arachnid creature.
You visited 1 branch of the dungeon, and saw 3 of its levels.

You collected 178 gold pieces.

Inventory:

Missiles
 a - 52 arrows
 j - 21 poisoned darts (quivered)
 k - 8 atropa-tipped darts
Armour
 b - a +0 robe (melded)
Jewellery
 i - a ring of protection from fire (left front leg)
 m - a +2 ring of evasion (right front leg)
Scrolls
 e - 4 scrolls of identify
 g - 2 scrolls of remove curse
 l - 3 scrolls of immolation {unknown}
 n - a scroll of enchant armour {unknown}
Potions
 f - a potion of heal wounds {unknown}
 h - 3 potions of curing
Comestibles
 c - 5 chunks of flesh
 d - 5 rations


   Skills:
 - Level 1.0 Fighting
 - Level 1.3 Dodging
 - Level 3.0 Unarmed Combat
 - Level 1.5 Spellcasting
 + Level 4.7 Transmutations


You couldn't memorise any spells.
You knew the following spells:

 Your Spells              Type           Power        Failure   Level  Hunger
a - Beastly Appendage     Tmut           ##....       13%         1    ##.....
b - Sticks to Snakes      Tmut           ##......     17%         2    ###....
c - Spider Form           Tmut/Pois      #.........   54%         3    ####...

Your spell library contained the following spells:

 Spells                   Type           Power        Failure   Level  Hunger
 Ice Form                 Ice/Tmut       #.......     87%         4    #####..
 Blade Hands              Tmut           ##........   89%         5    ######.


Dungeon Overview and Level Annotations

Branches:
Dungeon (3/15)

Altars:
Nemelex Xobeh


Innate Abilities, Weirdness & Mutations

((You have hooves in place of feet.))
((Armour fits poorly on your strangely shaped body.))
((You cover ground very quickly.))
((You have extremely tough skin. (AC +3)))


Message History

You hit the jackal.
The jackal is poisoned.
The jackal is lightly wounded.
The jackal misses you.
You hit the jackal.
The jackal is heavily wounded.
The jackal barely misses you. The jackal closely misses you. x2
You closely miss the jackal.
The jackal is heavily wounded.
The jackal barely misses you. The jackal bites you. x2
You hit the jackal.
The jackal is lightly wounded.
You kill the jackal!
The jackal bites you.
You hit the jackal but do no damage.
The jackal is lightly wounded.
Your transformation is almost over.
The jackal barely misses you.
You hit the jackal.
You kill the jackal!
Found a faded altar of an unknown god.
l - 3 scrolls labeled KEMITHA GESELA Your transformation has ended.
Your +0 robe unmelds from your body.
You see here a hunting sling.
m - a runed brass ring
m - a +2 ring of evasion (right hand)
Found a mace.
You start resting.
Magic restored.
You start resting.
HP restored.
Jessica the Apprentice Sorceress comes into view.
Jessica shouts!
Throwing (i - inventory. (/) - cycle)
j - 21 poisoned darts (quivered)
Press: ? - help, Shift-Dir - straight line, f - Jessica
Aim: Jessica, wearing a +0 robe
Okay, then.
Casting: Spider Form (slightly dangerous; 36% risk of failure)
Confirm with . or Enter, or press ? or * to list all spells.
You miscast Spider Form.
You are very lightly contaminated with residual magic.
You feel mildly nauseous.
Casting: Spider Form (slightly dangerous; 36% risk of failure)
Confirm with . or Enter, or press ? or * to list all spells.
You turn into a venomous arachnid creature.
Your +0 robe melds into your body.
A goblin comes into view.
Found 12 gold pieces.
The goblin shouts!
You hit Jessica.
Jessica is poisoned.
Jessica is heavily wounded.
You hear a shout!
A giant cockroach comes into view.
Jessica hits you.
You hit Jessica.
Jessica looks as sick as possible!
Jessica is severely wounded.
Your transformation is almost over.
Jessica mumbles some strange words.
Jessica blinks!
You kill Jessica!
The giant cockroach misses you.
You bite the goblin!
You kill the goblin!
The giant cockroach bites you.
You closely miss the giant cockroach.
A kobold comes into view. It is wielding a +0 whip.
The giant cockroach barely misses you.
Some of the chunks of flesh in your inventory have rotted away.
You hit the giant cockroach.
You kill the giant cockroach!
You are feeling hungry.
The kobold throws a stone.
The stone closely misses you.
A ball python comes into view.
The ball python hisses angrily.
The kobold throws a stone.
The stone completely misses you.
Your transformation has ended.
Your +0 robe unmelds from your body.
The kobold hits you with a +0 whip.
You hit the kobold.
You kill the kobold!
You hit the ball python. Your kick misses the ball python.
The ball python is severely wounded.
The ball python completely misses you.
You closely miss the ball python.
The ball python is severely wounded.
The ball python bites you but does no damage.
You hit the ball python.
You kill the ball python!
You start resting.
Eating a chunk of flesh.
You eat the chunk of flesh.
This raw flesh tastes terrible.
Your magical contamination has completely faded away.
You start resting.
HP restored.
You now have 152 gold pieces (gained 12).
You see here a stone.
You butcher the goblin corpse.
c - 3 chunks of flesh You see here a goblin skeleton.
Magic restored.
You see here a goblin skeleton.
Found a sparkling altar of Nemelex Xobeh.
Found a stone staircase leading up.
An adder comes into view.
The adder hisses angrily.
A bat comes into view.
Casting: Spider Form (safe; 34% risk of failure)
Confirm with . or Enter, or press ? or * to list all spells.
You grow a pair of large bovine horns.
You closely miss the adder. The adder bites you.
The adder bites you but does no damage.
You closely miss the adder. You kick the adder!
The adder is almost dead.
The bat barely misses you. The bat closely misses you.
The adder closely misses you.
You hit the adder.
You kill the adder!
The bat hits you but does no damage. The bat barely misses you.
Found 18 gold pieces.
Found a stone staircase leading down.
You hit the bat.
You kill the bat!
No target in view!
You butcher the adder corpse.
c - 5 chunks of flesh (gained 2)
You see here an adder skeleton. x2
n - a scroll labeled VUMPYOC LOCW You see here an adder skeleton.
Your transformation is almost over.
You now have 170 gold pieces (gained 18).
Found 21 stones.
You now have 178 gold pieces (gained 8).
Your horns disappear.
You see here 21 stones.
e - 4 scrolls of identify (gained 1) 2 orcs come into view.
The orc shouts! x2; You hear a shout! x2; You hear an angry hiss.
Casting: Beastly Appendage (safe; 4% risk of failure)
Confirm with . or Enter, or press ? or * to list all spells.
You turn into a venomous arachnid creature.
Your +0 robe melds into your body.
A hobgoblin comes into view. It is wielding a +0 club. x2
An orc comes into view. It is wielding a +0 hand axe.
An orc priest comes into view. It is wielding a -1 club.
The hobgoblin shouts!
The orc priest shouts!
The hobgoblin shouts!
The orc priest casts a cantrip, but nothing happens.
An orc comes into view.
The orc closely misses you.
You hit the orc.
The orc is poisoned.
The orc is lightly wounded.
A hobgoblin comes into view. It is wielding a +0 club.
A leopard gecko comes into view.
You completely miss the orc. You bite the orc!
The orc is poisoned.
The orc is almost dead.
You kill the orc!
The orc hits you with a +0 hand axe. The hobgoblin completely misses you.
You bite the orc!
You kill the orc!
The orc hits you with a +0 falchion. The hobgoblin completely misses you.
You hit the orc.
The orc is poisoned.
The orc is lightly wounded.
The orc barely misses you. The hobgoblin hits you with a +0 club.
The hobgoblin barely misses you.
You hit the orc priest.
The orc priest is heavily wounded.
The orc priest invokes the aid of Beogh against you.
Pain shoots through your body! The orc misses you. The orc closely misses you.
The hobgoblin misses you. The hobgoblin barely misses you.
You barely miss the orc priest.
The orc priest is heavily wounded.
The orc looks more healthy.
The orc priest calls down the wrath of Beogh upon you.
Beogh smites you! The orc barely misses you. x2
The hobgoblin closely misses you.
You hit the orc priest.
The orc priest is poisoned.
The orc priest is almost dead.
Your transformation is almost over.
You kill the orc!
The hobgoblin hits you but does no damage.
The orc priest barely misses you. The orc closely misses you.
The hobgoblin hits you but does no damage.
You hit the hobgoblin.
The hobgoblin is heavily wounded.
The hobgoblin hits you with a +0 club.
The orc priest hits you with a cursed -1 club.
You hit the orc.
You kill the orc!
The hobgoblin misses you. The hobgoblin completely misses you.
The orc priest completely misses you.
You hit the hobgoblin.
The hobgoblin is poisoned.
The hobgoblin is moderately wounded.
The hobgoblin hits you with a +0 club. The hobgoblin completely misses you.
The hobgoblin closely misses you.
You hit the hobgoblin.
The hobgoblin is poisoned.
The hobgoblin is almost dead.
The orc priest hits you with a cursed -1 club!
* * * LOW HITPOINT WARNING * * *
The hobgoblin hits you with a +0 club.
* * * LOW HITPOINT WARNING * * *
The hobgoblin hits you with a +0 club.
You die...

.............. ..
###..........#. ...
............... .#..
.....##.#÷....
....########......#.....
............⌠.⌠.........
##..........._..........
......gg....⌠.⌠#.##.....
##..los......##.##.....
......g[.........##.....
#########.#.............
#.#..>..#.....#.
##.#.............
#..#.............
########.##............)
#...#....#..............
#...#.##...####.........


You could see an orc priest, a leopard gecko and 3 hobgoblins.

Vanquished Creatures
  Jessica (D:3)
  Robin (D:2)
  2 adders
  A worm (D:2)
  A dart slug (D:2)
  A leopard gecko (D:1)
  4 orcs (D:3)
  12 bats
  3 giant cockroaches
  6 hobgoblins
  2 jackals (D:3)
  A quokka (D:2)
  A ball python (D:3)
  A frilled lizard (D:2)
  17 goblins
  5 kobolds
  4 rats
63 creatures vanquished.

Notes
Turn   | Place    | Note
-------+----------+-------------------------------------------
     0 | D:1      | FessEmpty the Centaur Transmuter began the quest for the
                  | Orb.
     0 | D:1      | Reached XP level 1. HP: 16/16 MP: 3/3
    42 | D:1      | Reached skill level 2 in Transmutations
   223 | D:1      | Reached XP level 2. HP: 23/23 MP: 2/4
   608 | D:1      | Learned a level 2 spell: Sticks to Snakes
   731 | D:2      | Reached skill level 3 in Transmutations
   785 | D:2      | Reached XP level 3. HP: 14/28 MP: 3/5
   956 | D:2      | Noticed Robin
  1964 | D:2      | Reached XP level 4. HP: 23/35 MP: 6/6
  1966 | D:2      | Reached skill level 4 in Transmutations
  2103 | D:2      | Killed Robin
  2366 | D:2      | Learned a level 3 spell: Spider Form
  2400 | D:3      | Found a faded altar of an unknown god.
  2450 | D:3      | Noticed Jessica
  2456 | D:3      | Killed Jessica
  2522 | D:3      | Found a sparkling altar of Nemelex Xobeh.
  2585 | D:3      | Slain by a hobgoblin

Levels and vault maps discovered:
D:1:      dpeg_arrival_rooms_with_view, layout_basic,
          kennysheep_decorative_pillar, dk_noncrumbling_4, due_unseen_surprise
D:2:      layout_rooms, serial_bayou, serial_bayou_lagoon_a,
          serial_bayou_pond_e, serial_bayou_crossing, serial_bayou_pond_e,
          minivault_23, uniq_robin
D:3:      layout_rooms, nemelex_xobeh_ov_fountains_minmay, fedhas_altar_3,
          first_ration, chequers_ecumenical_altar_island,
          kennysheep_generic_room_13, uniq_jessica

Skill      XL: |  1  2  3  4 |
---------------+-------------+-----
Transmutations | 2 3 4 |  4.7
Fighting       | |  1.0
Dodging        | |  1.3
Unarmed Combat | |  3.0
Spellcasting   | |  1.5

Action                   |  1- 3 |  4- 6 || total
-------------------------+-------+-------++-------
Melee: Unarmed           |   133 |    44 ||   177
       Kick              |    14 |     7 ||    21
       Headbutt          |    10 |     2 ||    12
 Cast: Beastly Appendage |    26 |     4 ||    30
       Sticks to Snakes  |     5 |       ||     5
       Spider Form       |       |     3 ||     3
  Use: Scroll            |     2 |       ||     2
  Eat: Chunk             |     2 |     1 ||     3
       Ration            |       |     1 ||     1
Armor: Robe              |    73 |     5 ||    78
       Skin              |       |     1 ||     1
Dodge: Dodged            |    86 |    38 ||   124
